Map: Terraform LE (Void)

Players

wabbajack

  • Race: Zerg Zerg
  • League: Gold

Blaze - Winner!

  • Race: Protoss Protoss
  • League: Silver

VOD

Have the link to the VOD?

Description

Time

  • Played on: July 20, 2015, 3:28 p.m.
  • Length: 16:48
Show
View Real Time Build Order
Export as new Build Order

wabbajack Zerg 

Build Orders: Hatch First, Lurkers 

Get SALT Encoding   

  12  0:01  Drone  
  13  0:13  Overlord  
  13  0:17  Drone  
  14  0:26  Drone, Extractor  
  15  0:33  Drone  
  16  0:36  Drone  
  17  0:54  Hatchery  
  17  0:56  Drone  
  17  1:00  Drone  
  17  1:02  Extractor  
  17  1:06  Extractor  
  17  1:09  Drone  
  17  1:23  Spawning Pool  
  16  1:27  Drone  
  17  1:36  Drone  
  18  1:45  Drone  
  19  1:54  Drone  
  20  2:10  Queen  
  20  2:12  Pneumatized Carapace  
  20  2:13  Metabolic Boost  
  22  2:24  Zergling x2  
  22  2:29  Overlord  
  23  2:35  Overlord  
  23  2:45  Drone  
  23  2:46  Drone  
  23  2:49  Zergling x6  
  28  3:02  Drone  
  28  3:03  Baneling Nest  
  27  3:23  Spine Crawler  
  26  3:27  Spine Crawler  
  25  3:43  Zergling x20  
  35  3:50  Queen  
  37  4:07  Overlord  
  37  4:08  Zergling x12  
  43  4:23  Drone  
  44  4:33  Drone  
  44  4:35  Drone x2  
  44  4:36  Zergling x6  
  44  4:37  Zergling x2  
  51  4:53  Overlord  
  51  4:54  Overlord  
  35  6:02  Roach Warren  
  33  6:06  Hatchery, Queen  
  34  6:14  Drone  
  34  6:15  Overlord  
  34  6:16  Overlord x3  
  33  6:45  Evolution Chamber  
  32  6:50  Spine Crawler  
  32  6:51  Spine Crawler  
  30  6:54  Drone x3  
  30  6:55  Drone x4  
  30  7:00  Roach  
  53  7:01  Roach x7  
  53  7:08  Spine Crawler  
  52  7:11  Queen  
  52  7:13  Overlord  
  54  7:24  Zerg Ground Armor Level 1  
  54  7:31  Drone x5  
  54  7:33  Drone  
  60  7:50  Drone x5  
  65  8:04  Lair  
  65  8:17  Drone  
  65  8:18  Extractor x2  
  64  8:20  Drone  
  64  8:21  Drone x4  
  64  8:22  Drone  
  64  8:23  Overlord x2  
  70  9:04  Overlord x4  
  70  9:08  Glial Reconstitution  
  70  9:10  Hydralisk Den  
  70  9:16  Roach  
  70  9:17  Roach x12  
  95  9:20  Overlord  
  89  9:38  Lurker Den  
  89  9:51  Zerg Missile Weapons Level 1  
  89  10:10  Hatchery  
  89  10:11  Hydralisk x7  
  102  10:23  Burrow  
  102  10:29  Tunneling Claws  
  102  10:31  Roach  
  102  10:32  Roach x2  
  108  10:40  Spore Crawler  
  105  11:09  Lurker x4  
  105  11:10  Lurker x2  
  111  11:12  Overlord x3  
  111  11:19  Roach  
  111  11:20  Roach x4  
  110  11:34  Ravager x2  
  100  12:08  Overseer x2  
  100  12:16  Roach  
  100  12:17  Roach x8  
  118  12:23  Hatchery  
  118  12:25  Hatchery  
  102  12:46  Roach  
  102  12:47  Roach x8  
  102  12:48  Roach x3  
  120  12:56  Zerg Missile Weapons Level 2  
  71  13:39  Hydralisk x8  
  80  14:24  Roach x5  
  72  14:50  Spire, Muscular Augments  
  55  15:20  Infestation Pit  
  54  15:32  Queen  
  54  15:35  Hydralisk x6  
  56  15:36  Hydralisk x6  
  64  16:08  Drone x3, Extractor  
  64  16:10  Extractor  
  64  16:11  Drone x3  
  68  16:12  Drone x3  
  71  16:30  Drone x3  
  71  16:31  Drone  
Show
View Real Time Build Order
Export as new Build Order

Blaze Protoss - Winner!

Build Orders:  

Get SALT Encoding   

  12  0:12  Pylon  
  12  0:13  Probe  
  13  0:31  Gateway  
  13  0:33  Probe (Chrono Boost)  
  15  0:43  Probe (Chrono Boost)  
  15  0:50  Probe  
  15  0:51  Assimilator  
  16  1:02  Probe (Chrono Boost)  
  17  1:12  Pylon  
  17  1:16  Probe (Chrono Boost)  
  18  1:19  Cybernetics Core  
  18  1:25  Probe (Chrono Boost)  
  19  1:37  Probe (Chrono Boost)  
  20  1:46  Probe (Chrono Boost)  
  21  2:01  Nexus  
  21  2:03  Mothership Core  
  23  2:09  Adept  
  25  2:17  Assimilator  
  25  2:20  Warp Gate  
  25  2:24  Probe (Chrono Boost)  
  26  2:33  Probe (Chrono Boost)  
  27  2:41  Probe  
  28  2:53  Probe (Chrono Boost)  
  28  2:54  Twilight Council, Pylon  
  29  3:04  Probe (Chrono Boost)  
  31  3:14  Probe (Chrono Boost)  
  31  3:19  Probe (Chrono Boost)  
  32  3:26  Gateway  
  33  3:29  Probe x2 (Chrono Boost)  
  33  3:34  Gateway  
  34  3:36  Gateway  
  34  3:39  Probe x2  
  36  3:51  Probe (Chrono Boost)  
  36  3:55  Probe (Chrono Boost)  
  39  4:03  Probe (Chrono Boost)  
  39  4:07  Probe (Chrono Boost)  
  39  4:09  Probe (Chrono Boost)  
  41  4:15  Probe (Chrono Boost)  
  42  4:19  Pylon  
  42  4:20  Shield Upgrade (Chrono Boost)  
  42  4:23  Assimilator  
  42  4:26  Adept, Assimilator  
  42  4:27  Adept  
  42  4:30  Probe (Chrono Boost)  
  42  4:31  Probe (Chrono Boost)  
  48  4:32  Adept x2  
  48  4:37  Pylon  
  52  4:42  Pylon  
  52  4:47  Probe (Chrono Boost)  
  52  4:49  Adept x2  
  52  4:50  Probe (Chrono Boost)  
  58  4:59  Sentry x2  
  63  5:02  Probe (Chrono Boost)  
  63  5:03  Probe (Chrono Boost)  
  64  5:08  Pylon  
  64  5:10  Probe (Chrono Boost)  
  64  5:12  Adept  
  64  5:13  Adept  
  69  5:24  Probe x2  
  69  5:28  Stalker x2  
  75  5:36  Probe  
  75  5:39  Stalker x2  
  73  5:55  Blink (Chrono Boost)  
  73  6:06  Probe x2  
  75  6:11  Robotics Facility  
  75  6:12  Gateway  
  75  6:14  Gateway  
  75  6:18  Probe  
  76  6:25  Stalker x2  
  76  6:26  Stalker  
  76  6:28  Probe  
  76  6:30  Probe, Nexus  
  76  6:32  Pylon  
  84  6:53  Pylon  
  84  6:54  Forge  
  84  6:57  Sentry x2, Forge  
  84  6:58  Pylon  
  84  6:59  Adept x2  
  84  7:00  Pylon  
  92  7:11  Probe x2  
  92  7:13  Observer (Chrono Boost)  
  95  7:17  Pylon  
  95  7:20  Stalker x2  
  95  7:21  Stalker x2  
  103  7:32  Protoss Ground Weapons Level 1 (Chrono Boost)  
  103  7:39  Probe (Chrono Boost)  
  103  7:40  Protoss Ground Armor Level 1 (Chrono Boost)  
  103  7:43  Assimilator  
  105  7:44  Probe (Chrono Boost)  
  105  7:45  Assimilator  
  105  7:50  Probe (Chrono Boost)  
  105  7:51  Probe (Chrono Boost), Observer  
  107  7:58  Probe x2  
  110  8:02  Stalker  
  110  8:03  Stalker x4  
  120  8:13  Sentry  
  122  8:21  Templar Archives  
  122  8:27  Gateway  
  122  8:28  Gateway  
  120  8:59  Pylon  
  120  9:06  Pylon  
  120  9:09  High Templar  
  122  9:10  High Templar x2  
  122  9:11  High Templar  
  122  9:14  Archon  
  122  9:15  Archon  
  128  9:22  Pylon  
  128  9:42  Probe x2  
  128  9:43  Pylon  
  130  9:46  Protoss Ground Armor Level 2 (Chrono Boost), Protoss Ground Weapons Level 2 (Chrono Boost)  
  130  9:53  Immortal (Chrono Boost)  
  130  9:57  Adept x4  
  130  9:58  Adept x3  
  130  9:59  Adept  
  150  10:20  Psionic Storm  
  150  10:22  Nexus  
  150  10:28  Pylon  
  150  10:30  Adept x3  
  150  10:31  Adept x4  
  164  10:39  Probe (Chrono Boost)  
  167  10:44  Probe x2 (Chrono Boost), Gateway  
  167  10:46  Gateway  
  167  10:50  Photon Cannon  
  167  10:51  Photon Cannon  
  167  10:52  Pylon  
  167  10:58  Stargate  
  167  11:03  Dark Shrine  
  167  11:10  Stalker x2  
  167  11:11  Stalker x4  
  172  11:40  Stargate  
  172  11:43  Stargate  
  172  11:46  Stargate  
  152  11:58  Assimilator  
  152  12:01  Assimilator  
  152  12:19  Probe x2  
  152  12:21  Nexus  
  154  12:24  Fleet Beacon  
  154  12:31  Protoss Air Weapons Level 1 (Chrono Boost)  
  153  12:38  Observer (Chrono Boost)  
  124  12:49  Adept x4  
  124  12:50  Adept x2, Carrier (Chrono Boost)  
  136  12:54  Pylon  
  136  12:55  Carrier (Chrono Boost)  
  136  12:58  Carrier x2 (Chrono Boost)  
  126  13:09  Stalker  
  126  13:10  Stalker x4  
  88  13:43  Stalker, Carrier (Chrono Boost)  
  88  13:44  Stalker x3  
  88  13:45  Stalker x2  
  97  13:51  Carrier (Chrono Boost)  
  97  13:55  Stalker  
  91  14:08  Pylon  
  94  14:15  Carrier (Chrono Boost)  
  86  14:23  Carrier (Chrono Boost)  
  86  14:36  Assimilator  
  86  14:37  Assimilator  
  95  14:45  Protoss Air Weapons Level 2 (Chrono Boost)  
  91  14:58  Probe x2 (Chrono Boost)  
  94  15:09  Probe (Chrono Boost)  
  94  15:11  Probe x2 (Chrono Boost)  
  96  15:17  Carrier x2 (Chrono Boost)  
  97  15:21  Probe (Chrono Boost)  
  109  15:42  Observer (Chrono Boost)  
  110  15:59  Probe x2  
  121  16:20  Probe x2 (Chrono Boost)  
  121  16:21  Probe x2 (Chrono Boost)  
  128  16:26  High Templar  
  128  16:27  High Templar  
  128  16:31  Archon  
Tags
 
Add a new tag
Caveats
  • Supply blocks, unpowered buildings, or Contaminate may cause inaccurate times.
  • Supply counts are checked every 10 seconds.